 Dungeon Crawl Stone Soup version 0.29.1-15-g9cfb28693d (webtiles) character file.

Game seed: 11915301913234440082

3192 BuddhaDhamma the Severer (level 9, 0/70 HPs)
             Began as a Minotaur Berserker on Mar 14, 2023.
             Was a High Priest of Trog.
             Slain by an unseen horror (4 damage)
             ... on level 6 of the Dungeon.
             The game lasted 00:15:34 (7273 turns).

BuddhaDhamma the Severer (Minotaur Berserker)       Turns: 7273, Time: 00:15:35

Health: 0/70       AC: 14    Str: 25    XL:     9   Next: 64%
Magic:  8/8        EV:  7    Int:  4    God:    Trog [*****.]
Gold:   321        SH:  0    Dex: 11    Spells: 8/8 levels left

rFire   . . .      SeeInvis .   a - +3 executioner's axe
rCold   . . .      Faith    .   (shield currently unavailable)
rNeg    . . .      Spirit   .   A - +0 plate armour
rPois   .          Reflect  .   (helmet restricted)
rElec   .          Harm     .   (no cloak)
rCorr   .          Rampage  .   i - +2 pair of gloves
Will    +....                   (no boots)
Stlth   ..........              (no amulet)
HPRegen 0.21/turn               y - ring of willpower
MPRegen 0.11/turn               (no ring)

@: no status effects
A: horns 2, retaliatory headbutt
a: Renounce Religion, Berserk, Trog's Hand, Brothers in Arms


You were on level 6 of the Dungeon.
You worshipped Trog.
Trog was extremely pleased with you.
You visited 1 branch of the dungeon, and saw 6 of its levels.
You also visited: Sewer.

You collected 321 gold pieces.

Inventory:

Hand Weapons
 a - a +3 executioner's axe (weapon)
Missiles
 c - 8 poisoned darts (quivered)
Armour
 i - a +2 pair of gloves (worn)
 A - a +0 plate armour (worn)
Jewellery
 e - a ring of protection from fire
 m - a ring of ice
 y - a ring of willpower (left hand)
Wands
 l - a wand of roots (4)
 q - a wand of flame (24)
Scrolls
 f - 3 scrolls of teleportation
 n - 3 scrolls of butterflies
 u - a scroll of fear
Potions
 b - a potion of mutation {unknown}
 d - a potion of lignification {unknown}
 g - 4 potions of heal wounds
 h - a potion of ambrosia {unknown}
 j - a potion of berserk rage {unknown}
 o - a potion of attraction {unknown}
 r - a potion of brilliance {unknown}
 s - a potion of might {unknown}
 t - 3 potions of curing
 w - 2 potions of magic {unknown}


   Skills:
 - Level 3.6 Fighting
 + Level 16.2 Axes
 - Level 2.4 Armour
 - Level 2.1 Dodging


You had 8 spell levels left.
You didn't know any spells.
Your spell library was empty.

Dungeon Overview and Level Annotations

Branches:
Dungeon (6/15)              Sewer (visited)
 Temple: D:4-7

Altars:
Ashenzari
Gozag
Vehumet
Xom

Shops:
D:2 !


Innate Abilities, Weirdness & Mutations

You have a pair of horns on your head.
You reflexively headbutt those who attack you in melee.


Message History

There is an open door here.
Something hits you! Something hits you. Something hits you!
Something hits you but does no damage. Something hits you but does no damage.
Something hits you but does no damage. Something hits you but does no damage.
Something hits you. Something hits you but does no damage. Something hits you.
Something hits you but does no damage.
You miss something. You headbutt something! Something hits you.
You slice something!! You headbutt something.
Something hits you but does no damage. Something hits you but does no damage.
Something hits you but does no damage. x2
Something hits you. Something hits you but does no damage.
You open the door. Something hits you but does no damage. Something hits you.
Something hits you but does no damage.
You open the door. Something hits you! Something hits you but does no damage.
Something hits you but does no damage. Something hits you.
There is an open door here.
You closely miss something. You headbutt something!
Something hits you but does no damage. x2; Something hits you.
* * * LOW HITPOINT WARNING * * *
Something hits you but does no damage.
Something hits you but does no damage. x2
Something hits you.
* * * LOW HITPOINT WARNING * * *
Something hits you but does no damage.
There is an open door, spattered with blood here.
Something hits you but does no damage. x2; Something hits you.
* * * LOW HITPOINT WARNING * * *
Something hits you.
* * * LOW HITPOINT WARNING * * *
Something hits you.
* * * LOW HITPOINT WARNING * * *
Something hits you.
* * * LOW HITPOINT WARNING * * *
Something hits you.
You die...

#######.#.###....##.........
.......÷...[)..#..........#.
#######.#.............###.##
############.#.######.####.#
#.##
.............#.########....###.#
##############.##..÷..##.......#
#.#..###..#.#.######
#.#.8#[#8÷#.........
###@##(##'##........
#8..#$#..)'..##.#..
#...'(#..8#...#...#
##'##?##+###..##<## #.8#$#8.#
#..##.# #..### .# #..##.# ##..+
####..##.# # #######.....##.#
#..#.............#


There were no monsters in sight!

Vanquished Creatures
  A manticore (D:6)
  Sigmund (D:5)
  Eustachio (D:4)
  Menkaure (D:4)
  A sky beast (D:4)
  The ghost of GigaChad the Covered, an amateur MiFi (D:4)
  A centaur (D:5)
  4 ogres
  3 phantoms
  A necrophage (D:4)
  2 bullfrogs (Sewer)
  3 scorpions (D:4)
  3 wights (D:6)
  The ghost of n0ni the Conjurer, a weakling DrCj (D:3)
  2 jellies (D:6)
  4 hounds
  3 orc priests (D:4)
  5 iguanas
  Natasha (thrice) (D:3)
  5 orc wizards
  Robin (D:3)
  18 adders
  3 gnolls (D:5)
  3 river rats (Sewer)
  4 white imps
  An ufetubus (D:6)
  A worm (D:2)
  A dart slug (D:1)
  30 orcs
  20 ball pythons
  9 endoplasms
  4 giant cockroaches
  10 goblins
  11 hobgoblins
  5 jackals
  3 kobolds
  10 quokkas
  3 bats
  5 frilled lizards
  28 rats
216 creatures vanquished.

Notes
Turn   | Place    | Note
-------+----------+-------------------------------------------
     0 | D:1      | BuddhaDhamma the Minotaur Berserker began the quest for the
                  | Orb.
     0 | D:1      | Reached XP level 1. HP: 19/19 MP: 0/0
    73 | D:1      | Reached skill level 4 in Axes
   175 | D:1      | Reached XP level 2. HP: 19/26 MP: 1/1
   935 | D:1      | Reached skill level 5 in Axes
   968 | D:1      | Reached XP level 3. HP: 30/31 MP: 2/2
  1047 | D:1      | Reached ** piety under Trog
  1545 | D:2      | Found Achoget's Distillery.
  1824 | D:2      | Found a faded altar of an unknown god.
  1825 | D:2      | Noticed a shining eye
  1832 | D:2      | Noticed a shining eye
  1839 | D:2      | Noticed a golden eye
  1843 | D:2      | Noticed a golden eye
  1892 | D:2      | Reached XP level 4. HP: 39/39 MP: 3/3
  1913 | D:2      | Reached skill level 6 in Axes
  2454 | D:3      | Found a transporter.
  2455 | D:3      | Noticed n0ni's ghost (weakling DrCj)
  2457 | D:3      | Noticed an ogre
  2554 | D:3      | Noticed Robin
  2578 | D:3      | Killed Robin
  2921 | D:3      | Noticed Natasha
  2927 | D:3      | Killed Natasha
  2928 | D:3      | Reached skill level 7 in Axes
  2928 | D:3      | Reached XP level 5. HP: 41/45 MP: 4/4
  3112 | D:3      | Noticed Natasha
  3118 | D:3      | Killed Natasha
  3118 | D:3      | Reached *** piety under Trog
  3150 | D:3      | Noticed Natasha
  3159 | D:3      | Killed Natasha
  3355 | D:3      | Found a transporter.
  3368 | D:3      | Killed an ogre
  3369 | D:3      | Reached skill level 8 in Axes
  3369 | D:3      | Reached XP level 6. HP: 51/51 MP: 5/5
  3372 | D:3      | Killed n0ni's ghost
  3610 | D:4      | Reached skill level 9 in Axes
  3652 | D:4      | Found a shimmering altar of Xom.
  3654 | D:4      | Found a radiant altar of Vehumet.
  3970 | D:4      | Reached XP level 7. HP: 17/57 MP: 6/6
  4034 | D:4      | Reached skill level 10 in Axes
  4338 | D:4      | Noticed Eustachio
  4348 | D:4      | Killed Eustachio
  4349 | D:4      | Reached skill level 11 in Axes
  4430 | D:4      | Found a runed translucent gate.
  4430 | D:4      | Found a runed translucent gate.
  4430 | D:4      | Noticed GigaChad's ghost (amateur MiFi)
  4439 | D:4      | Found a runed translucent gate.
  4485 | D:4      | Reached XP level 8. HP: 64/64 MP: 7/7
  4849 | D:4      | Noticed Menkaure
  4860 | D:4      | Reached skill level 12 in Axes
  4866 | D:4      | Killed GigaChad's ghost
  4871 | D:4      | Killed Menkaure
  5258 | D:5      | Entered Level 5 of the Dungeon
  5267 | D:5      | Reached skill level 13 in Axes
  5275 | D:5      | Noticed Sigmund
  5281 | D:5      | Killed Sigmund
  5291 | D:5      | Reached **** piety under Trog
  5361 | D:5      | Found a glowing drain.
  5395 | Sewer    | Entered a sewer
  5506 | Sewer    | Reached skill level 14 in Axes
  5579 | Sewer    | Reached ***** piety under Trog
  5618 | Sewer    | Reached XP level 9. HP: 62/70 MP: 8/8
  6027 | D:5      | Reached skill level 15 in Axes
  6168 | D:5      | Found a broken altar of Ashenzari.
  6920 | D:6      | Found an opulent altar of Gozag.
  6935 | D:6      | Received a gift from Trog
  6994 | D:6      | Noticed a manticore
  7005 | D:6      | Killed a manticore
  7006 | D:6      | Reached skill level 16 in Axes
  7273 | D:6      | Slain by an unseen horror

Illustrated notes

Levels and vault maps discovered:
D:1:      eino_arrival_druids_welcome, layout_basic
D:2:      layout_basic, serial_shops, nicolae_shop_crystal, serial_rivers,
          chequers_serial_rivers_large_b, chequers_serial_rivers_room_b,
          chequers_serial_rivers_micro_a, chequers_serial_rivers_micro_e,
          chequers_serial_rivers_micro_d, chequers_serial_rivers_micro_a,
          hellmonk_ecumenical_altar_watching_god
D:3:      layout_loops_ring, gammafunk_ghost_smash, uniq_robin, uniq_natasha
D:4:      layout_basic, mainiacjoe_overflow_catwalk_spiral,
          gammafunk_ghost_split, item_on_display_b, uniq_menkaure,
          uniq_eustachio
D:5:      layout_rooms, mainiacjoe_overflow_24_doors, portal_sewer_entry_f,
          uniq_sigmund
D:6:      minmay_chambers_of_sixes, layout_loops_ring,
          nicolae_overflow_crystal_walls, minmay_crystal_water

Skill      XL: |  1  2  3  4  5  6  7  8  9 |
---------------+----------------------------+-----
Axes           | 4 5 7 8 9 11 14 16 | 16.2
Fighting       | |  3.6
Armour         | |  2.4
Dodging        | |  2.1

Action                   |  1- 3 |  4- 6 |  7- 9 || total
-------------------------+-------+-------+-------++-------
Melee: Hand axe          |    88 |   108 |   308 ||   504
       Headbutt          |    12 |    14 |    65 ||    91
       Punch             |     1 |     2 |     1 ||     4
       War axe           |       |       |    53 ||    53
       Executioner's axe |       |       |    19 ||    19
Throw: Dart              |     2 |     4 |       ||     6
Invok: Berserk           |       |     2 |     5 ||     7
  Use: Scroll            |       |     8 |     9 ||    17
Armor: Animal skin       |     5 |       |       ||     5
       Leather armour    |    15 |     6 |       ||    21
       Scale mail        |       |    33 |    88 ||   121
       Plate armour      |       |       |    69 ||    69
Dodge: Dodged            |    55 |    39 |   144 ||   238
